 Dungeon Crawl Stone Soup version 0.31-a0-590-g8a5a4361df (webtiles) character file.

Game seed: 1810452042233261260

8127 benadryl the Fighter (level 11, -21/99 HPs)
             Began as a Black Draconian Conjurer on Aug 18, 2023.
             Was a Believer of Vehumet.
             Demolished by a red ugly thing (23 damage)
             ... on level 11 of the Dungeon on Aug 19, 2023.
             The game lasted 00:25:31 (12327 turns).

benadryl the Fighter (Black Draconian Conjurer)    Turns: 12327, Time: 00:25:32

Health: -21/99     AC: 10    Str:  9    XL:     11   Next: 5%
Magic:  4/17       EV: 12    Int: 24    God:    Vehumet [**....]
Gold:   645        SH:  0    Dex:  9    Spells: 6/19 levels left

rFire   . . .        a - staff of conjuration
rCold   . . .        (no shield)
rNeg    . . .        (body armour unavailable)
rPois   .            (helmet restricted)
rElec   +            x - scarf {shadows}
rCorr   .            s - +2 pair of gloves
SInv    .            (no boots)
Will    .....        l - amulet of magic regeneration
Stlth   ++           (no ring)
HPRegen 0.36/turn    (no ring)
MPRegen 0.55/turn

%: no passive effects
@: no status effects
A: breathe lightning, AC +7, unfitting armour, electricity resistance,
cold-blooded
a: Breathe Lightning, Renounce Religion


You were on level 11 of the Dungeon.
You worshipped Vehumet.
Vehumet was pleased with you.
You visited 1 branch of the dungeon, and saw 12 of its levels.

You collected 645 gold pieces.

Inventory:

Hand Weapons
 b - a +6 spear
 f - a +1 vampiric trident
 y - the +4 rapier of Courage {drain, rF+}
   (You took it off a gnoll on level 10 of the Dungeon)

   rF+:       It protects you from fire.
Missiles
 j - 3 silver javelins
Armour
 s - a +2 pair of gloves (worn)
 x - a scarf of shadows (worn)
Magical Staves
 a - a staff of conjuration (weapon)
Jewellery
 l - an amulet of magic regeneration (around neck)
 t - a ring of ice
Wands
 e - a wand of flame (9)
 o - a wand of digging (9)
 q - a wand of roots (13)
Scrolls
 d - 6 scrolls of teleportation
 h - 3 scrolls of identify {@r1}
 u - a scroll of revelation
Potions
 c - 3 potions of resistance
 g - 2 potions of cancellation
 i - 3 potions of enlightenment
 k - a potion of lignification
 m - a potion of magic
 n - a potion of degeneration {unknown}
 p - 2 potions of heal wounds
 r - a potion of brilliance {unknown}
 v - 2 potions of might
 w - a potion of haste {unknown}
 z - a potion of curing {@q1}
 A - a potion of attraction {unknown}
 B - a potion of invisibility {unknown}


   Skills:
 - Level 10.0 Fighting
 - Level 1.7 Dodging
 - Level 1.7 Stealth
 - Level 4.6 Spellcasting
 - Level 8.5 Conjurations
 - Level 6.0 Hexes
 - Level 2.0 Translocations
 - Level 8.0 Fire Magic
 + Level 4.2 Evocations


You had 6 spell levels left.
You knew the following spells:

 Your Spells              Type           Power      Damage    Failure   Level
a - Magic Dart            Conj           100%       1d8       1%          1
b - Searing Ray           Conj           100%       2d8       1%          2
c - Fulminant Prism       Conj/Hex       28%        3d14      4%          4
d - Scorch                Fire           86%        2d8       1%          2
e - Flame Wave            Conj/Fire      61%        2d14      3%          4

Your spell library contained the following spells:

 Spells                   Type           Power      Damage    Failure   Level
 Volatile Blastmotes      Fire/Tloc      58%        2d14      3%          3
 Dazzling Flash           Conj/Hex       100%       N/A       1%          3
 Inner Flame              Hex/Fire       39%        N/A       1%          3
 Ensorcelled Hibernation  Hex/Ice        38%        N/A       4%          2
 Iskenderun's Mystic Bla  Conj/Tloc      46%        2d10      11%         4
 Anguish                  Hex/Necr       9%         N/A       26%         4
 Yara's Violent Unravell  Hex/Tmut       9%         3d6       58%         5
 Summon Cactus Giant      Summ           2%         N/A       100%        6
 Enfeeble                 Hex            17%        N/A       100%        7


Dungeon Overview and Level Annotations

Branches:
Dungeon (12/15)            Temple (0/1) D:7
   Lair: D:8-11         Orc: D:9-12

Altars:
Dithmenos
Gozag
Hepliaklqana
Kikubaaqudgha
Okawaru
Ru
Sif Muna
Trog
Uskayaw
Vehumet
Wu Jian
Yredelemnul
The Shining One

Shops:
D:3 [   D:8 (

Annotations:
D:4 3 runed translucent doors, Fractals's ghost, novice DsWn


Innate Abilities, Weirdness & Mutations

You can breathe wild blasts of lightning.
Your glossy black scales are hard. (AC +7)
You cannot fit into any form of body armour.
You are resistant to electric shocks. (rElec)
You are cold-blooded and may be slowed by cold attacks.


Message History

The red ugly thing tail-slaps you but does no damage.
Casting: Scorch (safe; 1% risk of failure)
Press: ? - help, Q - select action, (/) - cycle Dir - look around, f - activate Flames lash the red ugly thing.
The red ugly thing resists.
The red ugly thing is almost dead.
The red ugly thing's fire resistance burns away.
The red ugly thing tail-slaps you!
You are engulfed in flames!
You don't have enough magic to cast this spell.
You don't have enough magic to cast this spell.
You don't have enough magic to cast this spell.
You don't have enough magic to cast this spell.
Casting: Scorch (safe; 1% risk of failure)
Confirm with . or Enter, or press ? or * to list all spells.
Okay, then.
You hit the red ugly thing.
The red ugly thing is almost dead.
The red ugly thing closely misses you.
The red ugly thing tail-slaps you but does no damage.
You hit the red ugly thing but do no damage.
The red ugly thing is almost dead.
The red ugly thing closely misses you.
You barely miss the red ugly thing.
The red ugly thing is almost dead.
The red ugly thing is no longer more vulnerable to fire.
The red ugly thing tail-slaps you.
You are engulfed in flames!
You hit the red ugly thing but do no damage.
The red ugly thing is almost dead.
The red ugly thing closely misses you.
You closely miss the red ugly thing.
The red ugly thing is almost dead.
The red ugly thing tail-slaps you.
You are engulfed in flames!
You hit the red ugly thing but do no damage.
You tail-slap the red ugly thing, but do no damage.
The red ugly thing is almost dead.
The red ugly thing tail-slaps you.
You are engulfed in flames!!
* * * LOW HITPOINT WARNING * * *
The red ugly thing tail-slaps you.
* * * LOW HITPOINT WARNING * * *
You are engulfed in flames!!
You die...

####### ####### .
#.....####.....#
#.#.......##.....#
.....)...)##.....#
.....))..))'>....+
###..)....##.รท...#
#(....u@###.....#
#.......# #.....#
.........# #.....#
.........# #.#####
....####.# #.# ....
#.###.# #. #.....#
..####..####
#...##.....#


You could see a red ugly thing.

Vanquished Creatures
  Fannar (D:10)
  A two-headed ogre (D:10)
  2 manticores
  A moth of wrath (D:8)
  3 trolls
  Sigmund (D:3)
  3 yaks
  4 vampire mosquitoes (D:9)
  2 acid dragons
  2 water moccasins (D:5)
  4 orc warriors
  A sky beast (D:7)
  An ice beast (D:8)
  A black bear (D:7)
  The ghost of elongatedgoose the Changeling, an amateur MfSh (D:3)
  5 centaurs
  2 kobold brigands
  4 phantoms
  5 bullfrogs
  2 gnoll sergeants
  11 wights
  A scorpion (D:5)
  3 hounds
  6 orc priests
  A gnoll bouda (D:10)
  A sleepcap (D:4)
  9 orc wizards
  3 iguanas
  Robin (D:3)
  6 adders
  14 gnolls
  A shadow imp (D:5)
  4 white imps
  2 ufetubi
  5 worms
  A dart slug (D:1)
  47 orcs
  A bat (D:2)
  6 endoplasms
  2 giant cockroaches (D:1)
  15 goblins
  10 hobgoblins
  3 quokkas
  7 ball pythons
  5 frilled lizards
  10 kobolds
  14 rats
235 creatures vanquished.

Vanquished Creatures (others)
  A yak (D:11)
  A gnoll (D:10)
  A kobold (D:10)
  6 fulminant prisms
9 creatures vanquished.

Grand Total: 244 creatures vanquished

Notes
Turn   | Place    | Note
-------+----------+-------------------------------------------
     0 | D:1      | benadryl the Draconian Conjurer began the quest for the
                  | Orb.
     0 | D:1      | Reached XP level 1. HP: 14/14 MP: 3/3
   147 | D:1      | Reached XP level 2. HP: 6/20 MP: 0/5
   755 | D:1      | Reached XP level 3. HP: 23/26 MP: 7/7
   758 | D:1      | Learned a level 2 spell: Searing Ray
  2005 | D:2      | Reached XP level 4. HP: 33/33 MP: 6/10
  2433 | D:3      | Noticed Robin
  2436 | D:3      | Killed Robin
  2617 | D:2      | Upgraded the game from 0.31-a0-574-g69dc8cc98e to
                  | 0.31-a0-590-g8a5a4361df
  2734 | D:3      | Found a faded altar of an unknown god.
  2770 | D:3      | Found Naofoith's Armour Shop.
  2917 | D:3      | Reached XP level 5. HP: 38/38 MP: 9/11
  2942 | D:3      | Noticed Sigmund
  2958 | D:3      | Killed Sigmund
  2959 | D:3      | Reached skill level 5 in Conjurations
  2959 | D:3      | Reached skill level 1 in Translocations
  2959 | D:3      | Reached XP level 6. HP: 25/45 MP: 3/12
  3079 | D:3      | Found a hide-covered altar of Uskayaw.
  3079 | D:3      | Found a shadowy altar of Dithmenos.
  3202 | D:3      | Found a runed translucent door.
  3204 | D:3      | Noticed elongatedgoose's ghost (amateur MfSh)
  3211 | D:3      | Reached skill level 1 in Hexes
  3229 | D:3      | Killed elongatedgoose's ghost
  3747 | D:4      | Noticed Fractals's ghost (novice DsWn)
  3787 | D:4      | Found a runed translucent gate.
  3787 | D:4      | Found a runed translucent gate.
  3787 | D:4      | Found a runed translucent gate.
  3875 | D:4      | Found an iron altar of Okawaru.
  3912 | D:4      | Your scales start taking on a glossy black colour.
  3912 | D:4      | Reached XP level 7. HP: 23/50 MP: 1/13
  3912 | D:4      | Gained mutation: You are resistant to electric shocks.
                  | (rElec) [Black Draconian growth]
  4433 | D:4      | Found a glowing golden altar of the Shining One.
  4696 | D:5      | Entered Level 5 of the Dungeon
  5361 | D:5      | Reached XP level 8. HP: 49/57 MP: 3/14
  5455 | D:5      | Learned a level 4 spell: Fulminant Prism
  5660 | D:5      | Reached skill level 5 in Hexes
  6975 | D:6      | Found an ancient bone altar of Kikubaaqudgha.
  6982 | D:6      | Found a radiant altar of Vehumet.
  6986 | D:6      | Found a shimmering blue altar of Sif Muna.
  6994 | D:6      | Became a worshipper of Vehumet
  7257 | D:6      | Reached skill level 1 in Fighting
  7389 | D:7      | Reached skill level 2 in Fighting
  7483 | D:7      | Learned a level 2 spell: Scorch
  7488 | D:7      | Learned a level 4 spell: Flame Wave
  7511 | D:7      | Reached skill level 1 in Fire Magic
  7616 | D:7      | Found a basalt altar of Yredelemnul.
  7813 | D:7      | Reached XP level 9. HP: 31/68 MP: 11/15
  8030 | D:7      | Found a staircase to the Ecumenical Temple.
  8092 | D:8      | Noticed a manticore
  8102 | D:8      | Killed a manticore
  8268 | D:8      | Reached skill level 5 in Fire Magic
  8458 | D:8      | Found Otawig's Firing Range.
  8533 | D:8      | Reached * piety under Vehumet
  8533 | D:8      | Offered knowledge of Freeze by Vehumet.
  8700 | D:8      | Noticed a moth of wrath
  8703 | D:8      | Found a bloodstained altar of Trog.
  8713 | D:8      | Killed a moth of wrath
  8875 | D:8      | Found an ornate altar of the Wu Jian Council.
  9097 | D:9      | Noticed a troll
  9103 | D:9      | Killed a troll
  9104 | D:9      | Reached skill level 3 in Fighting
  9172 | D:9      | Found an opulent altar of Gozag.
  9348 | D:9      | Reached skill level 4 in Fighting
  9399 | D:9      | Reached XP level 10. HP: 80/80 MP: 8/16
  9400 | D:9      | Reached skill level 5 in Fighting
  9441 | D:9      | Reached skill level 6 in Fighting
  9558 | D:9      | Offered knowledge of Shock by Vehumet.
  9564 | D:9      | Reached ** piety under Vehumet
  9659 | D:9      | Reached skill level 7 in Fighting
  9902 | D:10     | Entered Level 10 of the Dungeon
  9902 | D:10     | Noticed a two-headed ogre
  9911 | D:10     | Killed a two-headed ogre
  9912 | D:10     | Reached skill level 8 in Fighting
 10342 | D:10     | Identified the +4 rapier of Courage {drain, rF+}
 10536 | D:10     | Noticed Fannar
 10730 | D:10     | Killed Fannar
 10731 | D:10     | Reached skill level 9 in Fighting
 11148 | D:10     | Reached skill level 10 in Fighting
 11239 | D:10     | Found a sacrificial altar of Ru.
 11297 | D:10     | Found a hazy altar of Hepliaklqana.
 11668 | D:11     | Noticed a manticore
 11676 | D:11     | Killed a manticore
 12048 | D:11     | Offered knowledge of Volatile Blastmotes by Vehumet.
 12049 | D:11     | Reached XP level 11. HP: 41/99 MP: 8/17
 12311 | D:11     | Noticed a red ugly thing
 12327 | D:11     | HP: 2/99 [red ugly thing (5)]
 12327 | D:11     | Demolished by a red ugly thing

Illustrated notes

Levels and vault maps discovered:
D:1:      evilmike_arrival_rings, layout_loops_ring, serial_bayou_lagoon_a
D:2:      layout_basic
D:3:      layout_loops_ring, mainiacjoe_overflow_divided_tiny,
          basic_ecumenical_altar, serial_shops, shop, ebering_ghost_sewer_d,
          uniq_sigmund, uniq_robin
D:4:      layout_rooms, okawaru_trees_1, tso_oasis_becter, gammafunk_ghost_split
D:5:      layout_basic
D:6:      layout_rooms, grunt_temple_overflow_magic_moments,
          minmay_chambers_of_fives
D:7:      layout_rooms, mainiacjoe_overflow_catwalk,
          minmay_temple_entry_poolview
D:8:      layout_basic, kennysheep_mini, tgw_trog, nicolae_shop_firing_range
D:9:      layout_roguey, lemuel_doored_altar, dk_vineyard_3
D:10:     layout_big_octagon, mainiacjoe_overflow_cross_hatched,
          mainiacjoe_overflow_alcove_2, minivault_10, uniq_fannar
D:11:     minmay_the_grid_four_pointed_star
          [minmay_the_grid_triangle_9x9_tough_junction,
          minmay_the_grid_triangle_9x9_from_above,
          minmay_the_grid_triangle_9x9_alien,
          minmay_the_grid_triangle_9x9_zippers_vertical,
          minmay_the_grid_prize_shrinking_boxes], layout_basic,
          nicolae_figureground_pulse
D:12:     layout_loops_ring, orc_0_dummy, serial_glass, glass_columns_a,
          glass_columns_b, due_unseen_surprise, minmay_strange_pillars,
          minmay_strange_pillars, feat_on_display, nicolae_trove_entry_columns,
          uniq_sonja, uniq_erolcha, uniq_kirke

Skill      XL: |  1  2  3  4  5  6  7  8  9 10 11 |
---------------+----------------------------------+-----
Spellcasting   | 3 4 |  4.6
Conjurations   | 5 6 8 |  8.5
Translocations | 1 2 |  2.0
Hexes          | 2 4 6 |  6.0
Fighting       | 2 4 10 | 10.0
Fire Magic     | 2 8 |  8.0
Evocations     | 3 4 |  4.2
Dodging        | |  1.7
Stealth        | |  1.7

Action                     |  1- 3 |  4- 6 |  7- 9 | 10-12 || total
---------------------------+-------+-------+-------+-------++-------
  Melee: Dagger            |    11 |       |       |       ||    11
         Tailslap          |     6 |     2 |     2 |     2 ||    12
         Hand axe          |    28 |       |       |       ||    28
         Staff             |     7 |    28 |    31 |    14 ||    80
         Spear             |       |     8 |     7 |       ||    15
         Punch             |       |       |     1 |       ||     1
   Cast: Magic Dart        |    46 |    51 |   109 |       ||   206
         Searing Ray       |     3 |    12 |    36 |     8 ||    59
         Scorch            |       |       |    53 |    77 ||   130
         Flame Wave        |       |       |     7 |    11 ||    18
         Fulminant Prism   |       |       |     2 |     4 ||     6
Ability: Breathe Lightning |       |       |     2 |       ||     2
    Use: Potion            |     1 |     2 |     4 |       ||     7
         Scroll            |       |     1 |    11 |     3 ||    15
 Armour: Skin              |    17 |    28 |    40 |    35 ||   120
  Dodge: Dodged            |    50 |    48 |    70 |    78 ||   246

Table legend: (Time is in decaauts)
 A = Elapsed time spent in this place.
 B = Non-inter-level travel time spent in this place.
 C = Inter-level travel time spent in this place.
 D = Time resting spent in this place.
 E = Time spent auto-exploring this place.
 F = Levels seen in this place.
 G = Mean time per level.
                   A        B        C        D        E       F      G
               +--------+--------+--------+--------+--------+-----+--------+
         Total |  12387 |  12142 |    245 |   5044 |   5391 |  12 | 1032.2 |
       Dungeon |  12387 |  12142 |    245 |   5044 |   5391 |  12 | 1032.2 |
               +--------+--------+--------+--------+--------+-----+--------+

Top non-repeatable levels by time:
     D:9: 1994 daAuts
     D:5: 1909 daAuts
     D:2: 1367 daAuts
     D:1: 1274 daAuts
     D:4: 1220 daAuts
     D:3: 1065 daAuts
     D:8: 926 daAuts
     D:7: 741 daAuts
    D:10: 611 daAuts
     D:6: 538 daAuts
    D:12: 470 daAuts
    D:11: 268 daAuts
